 Dungeon Crawl Stone Soup version 0.17-a0-915-g8914353 (webtiles) character file.

81 boffreak the Shield-Bearer (level 4, -3/35 HPs)
             Began as a Formicid Fighter on May 4, 2015.
             Slain by an orc
             ... wielding a +0 falchion
              (6 damage)
             ... on level 3 of the Dungeon.
             The game lasted 00:02:01 (1139 turns).

boffreak the Shield-Bearer (Formicid Fighter)       Turns: 1139, Time: 00:02:01

Health: -3/35      AC:  7    Str: 22    XL:     4   Next: 67%
Magic:  4/4        EV:  6    Int:  7    God:
Gold:   82         SH: 15    Dex: 10    Spells: 0 memorised, 3 levels left

rFire  . . .     SeeInvis +     q - +0 great mace
rCold  . . .     Clarity  .     b - +0 scale mail
rNeg   . . .     SustAb   .     t - +0 large shield
rPois  .         Gourm    .     (helmet unavailable)
rElec  .         Spirit   .     (no cloak)
rCorr  .         Warding  .     (no gloves)
rMut   .         Stasis   +     (no boots)
MR     .....                    (no amulet)
Stlth  ..........               (no ring)
                                p - ring of flight

@: not resistant to hostile enchantments, extremely unstealthy
A: permanent stasis, dig shafts and tunnels, four strong arms, antennae 3
a: Dig, Shaft Self, Evoke Flight


You were on level 3 of the Dungeon.
You were not hungry.

You visited 1 branch of the dungeon, and saw 3 of its levels.

You collected 82 gold pieces.

Inventory:

Hand weapons
 a - a +0 war axe
 q - a +0 great mace (weapon)
Armour
 b - a +0 scale mail (worn)
 c - a +0 shield
 t - a +0 large shield (worn)
Jewellery
 p - a ring of flight (left hand)
Scrolls
 i - a scroll of remove curse {unknown}
 j - a scroll of enchant weapon {unknown}
 m - a scroll of identify {unknown}
Potions
 d - a potion of might
 f - a potion of curing {unknown}
 g - a potion of invisibility {unknown}
 h - 2 potions of haste {unknown}
 n - a potion of heal wounds {unknown}
 s - a potion of lignification {unknown}
Comestibles
 e - a bread ration
 k - 2 fruits
 l - 2 beef jerkies
 r - 2 meat rations


   Skills:
 - Level 3.2 Fighting
 * Level 3.0 Axes
 + Level 3.8 Armour
 * Level 5.0 Shields


You had 3 spell levels left.
You didn't know any spells.

Dungeon Overview and Level Annotations

Branches:
Dungeon (3/15)

Altars:
Nemelex Xobeh


Innate Abilities, Weirdness & Mutations

You are under a permanent stasis effect.
You can dig through walls and to a lower floor.
Your four strong arms can wield two-handed weapons with a shield.
You have a pair of large antennae on your head (SInv).


Message History

The adder barely misses you. The orc hits you but does no damage.
The orc wizard hits you with a vampiric dagger.
* * * LOW HITPOINT WARNING * * *
The rat bites you.
* * * LOW HITPOINT WARNING * * *
You take 6 damage, and have 14/35 hp.
You barely miss the orc. You block the adder's attack.
The orc hits you with a flail.
* * * LOW HITPOINT WARNING * * *
The orc hits you but does no damage.
The orc wizard hits you with a vampiric dagger.
* * * LOW HITPOINT WARNING * * *
You block the orc's attack. The adder bites you.
* * * LOW HITPOINT WARNING * * *
The rat bites you.
* * * LOW HITPOINT WARNING * * *
The orc hits you with a flail.
* * * LOW HITPOINT WARNING * * *
The orc hits you with a falchion.
You die...

. .# .. .#
.#### .# # ..#
...##.##.##
...##.........#
.$..........#
#ooS....."#
#.@o......#
#.or......#
##........#
#..).....#
#........#
#........
##...... ##....
#


You could see an orc wizard (invisible), an adder, 3 orcs and a rat.

Vanquished Creatures
  2 adders (D:2)
  2 worms (D:2)
  5 giant geckos
  2 giant cockroaches (D:2)
  7 goblins
  8 hobgoblins
  3 jackals (D:1)
  A ball python (D:1)
  8 bats
  2 giant newts (D:2)
  4 kobolds
  6 rats
50 creatures vanquished.

Notes
Turn   | Place    | Note
--------------------------------------------------------------
     0 | D:1      | boffreak, the Formicid Fighter, began the quest for the Orb.
     0 | D:1      | Reached XP level 1. HP: 18/18 MP: 1/1
    57 | D:1      | Reached skill level 4 in Shields
    57 | D:1      | Reached XP level 2. HP: 21/24 MP: 2/2
   169 | D:1      | Found a sparkling altar of Nemelex Xobeh.
   244 | D:1      | Reached XP level 3. HP: 26/29 MP: 3/3
   733 | D:2      | Reached XP level 4. HP: 26/35 MP: 4/4
   896 | D:2      | Reached skill level 5 in Shields
  1139 | D:3      | Slain by an orc

Action                   |  1- 3 |  4- 6 || total
-------------------------+-------+-------++-------
Melee: War axe           |    91 |    16 ||   107
       Great mace        |       |    38 ||    38
  Eat: Chunk             |       |     1 ||     1
